 Dungeon Crawl Stone Soup version 0.26-a0-651-gb41185065b (webtiles) character file.

Game seed: 4749633898685091655

44 gbos the Fighter (level 3, 0/38 HPs)
             Began as a Gnoll Wanderer on Oct 15, 2020.
             Slain by a worker ant (5 damage)
             ... on level 2 of the Dungeon.
             The game lasted 00:01:33 (1371 turns).

gbos the Fighter (Gnoll Wanderer)                   Turns: 1371, Time: 00:01:33

Health: 0/38       AC:  7    Str: 18    XL:     3   Next: 62%
Magic:  4/4        EV: 11    Int: 12    God:
Gold:   31         SH:  0    Dex: 13    Spells: 3/3 levels left

rFire    . . .     SeeInvis .   f - +0 hand axe
rCold    . . .     Faith    .   (no shield)
rNeg     . . .     Spirit   .   k - +0 ring mail
rPois    .         Reflect  .   (no helmet)
rElec    .         Harm     .   (no cloak)
rCorr    .         Rampage  .   j - +0 pair of gloves (curse)
MR       .....                  (no boots)
Stlth    +.........             (no amulet)
HPRegen  0.12/turn              (no ring)
MPRegen  0.09/turn              (no ring)

@: no status effects
A: distributed training, fangs 1, strong nose
a: no special abilities


You were on level 2 of the Dungeon.
You visited 1 branch of the dungeon, and saw 2 of its levels.

You collected 31 gold pieces.


Innate Abilities, Weirdness & Mutations

Your experience applies equally to all skills.
You have very sharp teeth.
Your uncanny sense of smell can sniff out nearby items.


   Skills:
 + Level 8.5 Fighting
 + Level 0.9 Short Blades
 + Level 0.9 Long Blades
 + Level 0.9 Axes
 + Level 0.9 Maces & Flails
 + Level 0.9 Polearms
 + Level 0.9 Staves
 + Level 0.9 Slings
 + Level 0.9 Bows
 + Level 2.6 Crossbows
 + Level 4.5 Throwing
 + Level 4.5 Armour
 + Level 0.9 Dodging
 + Level 0.9 Stealth
 + Level 0.9 Shields
 + Level 2.6 Unarmed Combat
 + Level 0.9 Spellcasting
 + Level 0.6 Conjurations
 + Level 0.6 Hexes
 + Level 0.6 Summonings
 + Level 0.6 Necromancy
 + Level 0.6 Translocations
 + Level 0.6 Transmutations
 + Level 0.6 Fire Magic
 + Level 0.6 Ice Magic
 + Level 0.6 Air Magic
 + Level 0.6 Earth Magic
 + Level 0.6 Poison Magic
 + Level 1.0 Invocations
 + Level 0.9 Evocations


You had 3 spell levels left.
You didn't know any spells.
Your spell library was empty.

Inventory:

Hand Weapons
 a - a +0 club
 f - a +0 hand axe (weapon)
Armour
 d - a +0 robe
 j - a cursed +0 pair of gloves (worn)
 k - a +0 ring mail (worn)
Scrolls
 b - 2 scrolls of teleportation {@r4}
 c - 2 scrolls of identify {unknown}
 e - 2 scrolls of blinking
 g - a scroll of remove curse {unknown}
Potions
 h - a potion of cancellation {unknown}
 i - a potion of haste {unknown}

Dungeon Overview and Level Annotations

Branches:
Dungeon (2/15)

Altars:

▒.▒▒▒▒▒
▒▒.▒...▒▒
▒▒▒▒..(....▒▒
.......<...▒▒
▒▒▒..>.......▒▒
...............
▒..........▒
▒..gB...▒
▒...£..▒▒
▒.▒...▒▒
▒†▒▒▒▒▒ ▒.▒ ▒.▒
▒▒▒▒▒▒▒▒▒▒▒.▒
▒........▒▒.▒▒
▒........▒


You could see a worker ant.


Message History

The worker ant is heavily wounded.
The worker ant closely misses you. The worker ant bites you.
* * * LOW HITPOINT WARNING * * *
You barely miss the worker ant.
The worker ant is heavily wounded.
The worker ant closely misses you.
You hit the worker ant.
The worker ant is severely wounded.
The worker ant bites you but does no damage.
The worker ant bites you.
* * * LOW HITPOINT WARNING * * *
You barely miss the worker ant.
The worker ant is severely wounded.
The worker ant barely misses you.
Okay, then.
You closely miss the worker ant. Your bite misses the worker ant.
The worker ant is severely wounded.
The worker ant bites you.
* * * LOW HITPOINT WARNING * * *
The worker ant closely misses you.
You hit the worker ant but do no damage.
The worker ant is severely wounded.
The worker ant bites you.
* * * LOW HITPOINT WARNING * * *
You barely miss the worker ant.
The worker ant is severely wounded.
The worker ant bites you.
You die...

Action                   || total
-------------------------++-------
Melee: Club              ||     9
       Hand axe          ||   108
       Bite              ||    16
       Punch             ||     2
  Use: Potion            ||     1
 Stab: Sleeping          ||     4
Armor: Robe              ||    26
       Skin              ||     3
       Ring mail         ||     6
Dodge: Dodged            ||    86

Levels and vault maps discovered:
D:1:      giann_wishing_wells, layout_basic, minivault_25
D:2:      layout_loops_corners

Notes
Turn   | Place    | Note
-------+----------+-------------------------------------------
     0 | D:1      | gbos the Gnoll Wanderer began the quest for the Orb.
     0 | D:1      | gbos set off with the following items: a +0 club, a scroll
                  | of teleportation {@r4}, a potion of lignification {!q}, a
                  | +0 robe, 2 scrolls of blinking
     0 | D:1      | Reached XP level 1. HP: 26/26 MP: 1/1
   125 | D:1      | Reached XP level 2. HP: 29/33 MP: 2/2
   229 | D:1      | HP: 6/33 [kobold/+0 whip (6)]
   713 | D:1      | Reached XP level 3. HP: 37/38 MP: 3/3
  1202 | D:1      | Reached skill level 1 in Invocations
  1367 | D:2      | HP: 7/38 [worker ant (5)]
  1371 | D:2      | Slain by a worker ant

Vanquished Creatures
  An ooze (D:1)
  A dart slug (D:2)
  A leopard gecko (D:1)
  5 bats (D:1)
  A giant cockroach (D:1)
  5 goblins (D:1)
  5 hobgoblins (D:1)
  3 jackals (D:1)
  4 kobolds (D:1)
  A quokka (D:2)
  4 frilled lizards (D:1)
  2 rats
33 creatures vanquished.
